 Dungeon Crawl Stone Soup version 0.30.0-5-g1a98f26d00 (webtiles) character file.

Game seed: 15185647976662598225

33 croobank the Firebug (level 3, -9/24 HPs)
             Began as a Demonspawn Fire Elementalist on May 8, 2023.
             Was a Plaything of Xom.
             Mangled by Terence
             ... wielding a +0 heavy mace
              (17 damage)
             ... on level 2 of the Dungeon.
             The game lasted 00:03:56 (1436 turns).

croobank the Firebug (Demonspawn Fire Elementalist) Turns: 1436, Time: 00:03:57

Health: -9/24      AC:  2    Str:  8    XL:     3   Next: 12%
Magic:  6/6        EV: 12    Int: 18    God:    Xom [....*.]
Gold:   101        SH:  0    Dex: 13    Spells: 3/6 levels left

rFire   . . .        a - +0 dagger
rCold   . . .        (no shield)
rNeg    . . .        g - +0 robe
rPois   .            (no helmet)
rElec   .            (no cloak)
rCorr   .            (no gloves)
SInv    .            (no boots)
Will    .....        (no amulet)
Stlth   ++           (no ring)
HPRegen 0.24/turn    (no ring)
MPRegen 0.10/turn

%: no passive effects
@: no status effects
A: ignite blood 1, spiny 1
a: Renounce Religion


You were on level 2 of the Dungeon.
You worshipped Xom.
You were a beloved toy of Xom.
You visited 1 branch of the dungeon, and saw 2 of its levels.

You collected 101 gold pieces.

Inventory:

Hand Weapons
 a - a +0 dagger (weapon)
 b - a +0 sling
 e - a +0 hand axe
Missiles
 f - 6 boomerangs
Armour
 g - a +0 robe (worn)
Scrolls
 d - 3 scrolls of teleportation {unknown}
 j - a scroll of identify {unknown}
 l - a scroll of fog {unknown}
 m - a scroll of magic mapping {unknown}
Potions
 c - a potion of degeneration {unknown}
 h - a potion of flight {unknown}
 k - a potion of resistance {unknown}


   Skills:
 + Level 0.2 Fighting
 + Level 2.1 Dodging
 + Level 2.2 Stealth
 + Level 2.3 Spellcasting
 + Level 1.4 Conjurations
 + Level 3.0 Fire Magic


You had 3 spell levels left.
You knew the following spells:

 Your Spells              Type           Power      Damage    Failure   Level
a - Foxfire               Conj/Fire      40%        2x1d6     7%          1
b - Scorch                Fire           24%        2d6       8%          2

Your spell library contained the following spells:

 Spells                   Type           Power      Damage    Failure   Level
 Beastly Appendage        Tmut           4%         N/A       19%         1
 Wereblood                Tmut           2%         N/A       26%         2
 Inner Flame              Hex/Fire       7%         N/A       28%         3
 Volatile Blastmotes      Fire/Tloc      14%        2d11      28%         3
 Portal Projectile        Hex/Tloc       4%         N/A       47%         3
 Spider Form              Tmut/Pois      2%         N/A       47%         3
 Tukima's Dance           Hex            2%         N/A       47%         3
 Flame Wave               Conj/Fire      10%        2d6       56%         4
 Blade Hands              Tmut           1%         N/A       99%         5


Dungeon Overview and Level Annotations

Branches:
Dungeon (2/15)

Altars:
Xom

Annotations:
D:2 Terence


Innate Abilities, Weirdness & Mutations

Your demonic aura sometimes causes spilled blood to erupt in flames.
You are partially covered in sharp spines.


Message History

Your magical contamination has completely faded away.
There is a stone staircase leading up here.
You climb upwards.
There is a stone staircase leading down here.
You start resting.
Magic restored.
You climb downwards.
Level annotation: Terence
There is a stone staircase leading up here.
Casting: Foxfire (safe; 7% risk of failure)
Confirm with . or Enter, or press ? or * to list all spells.
Flames lash Terence.
Terence is moderately wounded.
Terence's fire resistance burns away.
Terence hits you with a +0 heavy mace!
Ouch! That really hurt!
Casting: Scorch (safe; 8% risk of failure)
Confirm with . or Enter, or press ? or * to list all spells.
Flames lash Terence but do no damage.
Terence barely misses you.
Casting: Scorch (safe; 8% risk of failure)
Confirm with . or Enter, or press ? or * to list all spells.
Flames lash Terence.
Terence is burned terribly!
Terence is severely wounded.
Magic courses through your body.
Terence drinks a potion.
Terence is healed!
Casting: Scorch (safe; 8% risk of failure)
Confirm with . or Enter, or press ? or * to list all spells.
Flames lash Terence but do no damage.
Terence hits you with a +0 heavy mace!
* * * LOW HITPOINT WARNING * * *
Casting: Scorch (safe; 8% risk of failure)
Confirm with . or Enter, or press ? or * to list all spells.
Flames lash Terence.
Terence is burned terribly!
Terence is severely wounded.
Terence drinks a potion.
Terence is healed!
Magic courses through your body. "Go forth and destroy!"
You feel better.
You are now a beloved toy of Xom.
Terence hits you with a +0 heavy mace!
Ouch! That really hurt!
You die...
Xom bursts into laughter!

#.... ..
##..(##.#.#
#.......@..
#..........
#...##
#....#
#.#.##
#.###.@..#
#.....@..#
##########


You could see Terence (combustible).

Vanquished Creatures
  3 ball pythons
  5 bats (D:1)
  3 endoplasms
  2 giant cockroaches (D:1)
  A goblin (D:1)
  4 hobgoblins (D:1)
  3 jackals (D:1)
  4 kobolds (D:1)
  3 frilled lizards (D:1)
  2 rats (D:1)
30 creatures vanquished.

Vanquished Creatures (others)
  74 foxfires
74 creatures vanquished.

Grand Total: 104 creatures vanquished

Notes
Turn   | Place    | Note
-------+----------+-------------------------------------------
     0 | D:1      | croobank the Demonspawn Fire Elementalist began the quest
                  | for the Orb.
     0 | D:1      | Reached XP level 1. HP: 13/13 MP: 3/3
   374 | D:1      | Gained mutation: Your demonic aura sometimes causes spilled
                  | blood to erupt in flames. [demonic ancestry]
   374 | D:1      | Reached XP level 2. HP: 17/19 MP: 0/5
   735 | D:1      | Learned a level 2 spell: Scorch
  1126 | D:1      | Found a faded altar of an unknown god.
  1129 | D:1      | Prayed at the altar of an unknown god.
  1129 | D:1      | Became a worshipper of Xom of Chaos
  1158 | D:1      | XOM: silly message
  1255 | D:1      | Reached skill level 3 in Fire Magic
  1262 | D:1      | XOM: silly message
  1280 | D:1      | Gained mutation: You are partially covered in sharp spines.
                  | [demonic ancestry]
  1280 | D:1      | Reached XP level 3. HP: 24/24 MP: 3/6
  1393 | D:2      | Noticed Terence
  1436 | D:2      | XOM: potion effect (curing)
  1436 | D:2      | Mangled by Terence

Illustrated notes

Levels and vault maps discovered:
D:1:      dpeg_cavernosity, layout_basic, shapermc_ecumenical_altar_mp_vishouse,
          hangedman_abyss_or_decor_stabs, minmay_split_cup_large
D:2:      kennysheep_big_flooded_room, layout_loops_ring, chequers_garden,
          minmay_goblin_outpost, uniq_terence

Skill      XL: |  1  2 |
---------------+-------+-----
Stealth        | 2 |  2.2
Dodging        | 2 |  2.1
Fire Magic     | 3 |  3.0
Fighting       | |  0.2
Spellcasting   | |  2.3
Conjurations   | |  1.4

Action                     || total
---------------------------++-------
  Melee: Dagger            ||    30
         Punch             ||     1
   Cast: Foxfire           ||    42
         Scorch            ||    10
    Use: Potion            ||     2
   Stab: Sleeping          ||     1
 Armour: Robe              ||    10
  Dodge: Dodged            ||    26
